 Dungeon Crawl Stone Soup version 0.31-a0-949-g57150269e1 (console) character file.

Game seed: 5036044564112349123

15084551 questionabletactics the Ninja (level 27, 218/218 HPs)
             Began as a Kobold Berserker on Oct 21, 2023.
             Was the Champion of Trog.
             Escaped with the Orb
             ... and 15 runes on Oct 22, 2023!
             The game lasted 05:46:43 (104041 turns).

questionabletactics the Ninja (Kobold Berserker)  Turns: 104041, Time: 05:46:44

Health: 218/218    AC: 37    Str: 23    XL:     27
Magic:  23/23      EV: 51    Int:  7    God:    Trog [******]
Gold:   12349      SH: 26    Dex: 40    Spells: 26/26 levels left

rFire   + + +        a - +7 rapier {spect, rPois Str+3}
rCold   + + +        k - +5 kite shield {rC+}
rNeg    + + +        H - +8 storm dragon scales "Ciqaeron" {rElec rC+ rN+}
rPois   ∞            L - +2 hat of the Bear Spirit {Spirit, Bear, *Rage Will++}
rElec   +            i - scarf {shadows}
rCorr   .            K - +2 pair of gloves {Dex+3}
SInv    .            l - +2 pair of boots
Will    ++++.        m - amulet of Vitality {RegenMP++ Regen++}
Stlth   +++          z - ring "Zutasax" {Str+4 Dex+6}
HPRegen 2.16/turn    Y - ring of Temperance {rF+++ Will- EV+5 Dex+5 Slay+3}
MPRegen 0.98/turn

%: clarity, guardian spirit
@: death-form, studying 4 skills
A: vile attack, torment immunity, no potions, small, no large weapons,
nightstalker 3, clarity, dopey 1, robust 1, screaming 1
0: Orb of Zot
}: 15/15 runes: decaying, serpentine, slimy, silver, golden, iron, obsidian,
icy, bone, abyssal, demonic, glowing, magical, fiery, dark
a: Siphon Essence, Begin Untransformation, Renounce Religion, Trog's Hand,
Brothers in Arms


You escaped.
You worshipped Trog.
Trog was exalted by your worship.
You were an undying horror.
You visited 17 branches of the dungeon, and saw 87 of its levels.
You visited Pandemonium 1 time, and saw 18 of its levels.
You visited the Abyss 2 times.
You visited 1 bazaar.
You also visited: Trove, Gauntlet and Volcano.

You collected 15912 gold pieces.
You spent 3563 gold pieces at shops.

Inventory:

Hand Weapons
 a - the +7 rapier "Tormentor" (weapon) {spect, rPois Str+3}
   (You bought it in a shop on level 2 of the Orcish Mines)

   Str+3:     It affects your strength (+3).
   rPois:     It protects you from poison
 b - a +9 heavy quick blade
 J - the +9 flail of Devotion {venom, Fly}
   (You took it off an orc knight on level 5 of the Vaults)

   Fly:       It grants you flight.
 Q - the +8 pair of quick blades "Gyre" and "Gimble" {protect}
   (You found it on level 4 of the Abyss)
Missiles
 f - 5 throwing nets
 D - 5 curare-tipped darts
Armour
 i - a scarf of shadows (worn)
 k - a +5 kite shield of cold resistance (worn)
 l - a +2 pair of boots (worn)
 C - the +8 chain mail "Zokixkuts" {rF++ rC+ Dex+4}
   (You took it off a deep elf blademaster on level 3 of the Elven Halls)

   Dex+4:     It affects your dexterity (+4).
   rF++:      It greatly protects you from fire.
   rC+:       It protects you from cold.
 H - the +8 storm dragon scales "Ciqaeron" (worn) {rElec rC+ rN+}
   (You found it on level 5 of the Pits of Slime)

   rC+:       It protects you from cold.
   rElec:     It insulates you from electricity.
   rN+:       It protects you from negative energy.
 K - a +2 pair of gloves of dexterity (worn)
 L - the +2 hat of the Bear Spirit (worn) {Spirit, Bear, *Rage Will++}
   (You found it in a Gauntlet)

   Bear:      Going berserk makes the wearer exceptionally tough, and they are
   slowed for a shorter time afterward.
   Will++:    It greatly increases your willpower.
   *Rage:     It berserks you when you make melee attacks (+20% chance).
Jewellery
 g - a +4 ring of protection
 m - the amulet of Vitality (around neck) {RegenMP++ Regen++}
   (You found it on level 5 of the Lair of Beasts)

   [amulet of magic regeneration]

   RegenMP:   It increases your rate of magic regeneration.
   Regen++:   It increases your rate of health regeneration.
 z - the ring "Zutasax" (left hand) {Str+4 Dex+6}
   (You bought it in a shop on level 1 of the Elven Halls)

   [ring of dexterity]

   Str+4:     It affects your strength (+4).
   Dex+6:     It affects your dexterity (+6).
 A - the ring "Dyjeod" {rN+ rCorr MP+9 Int-4 SInv}
   (You found it in a treasure trove)

   [ring of magical power]

   Int-4:     It affects your intelligence (-4).
   rN+:       It protects you from negative energy.
   MP+9:      It affects your magic capacity (+9).
   SInv:      It lets you see invisible.
   rCorr:     It protects you from acid and corrosion.
 R - a ring of flight
 W - the ring "Fakec" {Will+ EV+5 Slay+2}
   (You found it on level 3 of the Depths)

   [ring of evasion]

   EV+5:      It affects your evasion (+5).
   Slay+2:    It affects your accuracy & damage with ranged weapons and melee
   (+2).
   Will+:     It increases your willpower.
 Y - the ring of Temperance (right hand) {rF+++ Will- EV+5 Dex+5 Slay+3}
   (You took it off a minotaur in a Gauntlet)

   [ring of evasion]

   EV+5:      It affects your evasion (+5).
   Dex+5:     It affects your dexterity (+5).
   Slay+3:    It affects your accuracy & damage with ranged weapons and melee
   (+3).
   rF+++:     It renders you almost immune to fire.
   Will-:     It decreases your willpower.
Talismans
 n - a talisman of death (active)
Wands
 t - a wand of roots (101)
 B - a wand of paralysis (85)
 F - a wand of acid (31)
 G - a wand of digging (18)
 T - a wand of polymorph (45)
Scrolls
 c - 16 scrolls of fear
 h - 3 scrolls of butterflies
 j - 13 scrolls of vulnerability
 q - 7 scrolls of silence
 r - 11 scrolls of teleportation
 s - 10 scrolls of blinking
 U - 7 scrolls of enchant armour
 V - 3 scrolls of enchant weapon
 Z - 8 scrolls of fog
Potions
 d - 9 potions of enlightenment
 e - 14 potions of might
 o - 2 potions of invisibility
 u - 9 potions of mutation
 w - 24 potions of heal wounds
 x - 26 potions of curing
 I - a potion of haste
 M - 5 potions of cancellation
 N - 7 potions of resistance
Miscellaneous
 p - a sack of spiders (inert)
 v - the horn of Geryon
 y - a box of beasts
 E - a phantom mirror
 O - a phial of floods
 P - a lightning rod (4/4)
 S - a figurine of a ziggurat


   Skills:
 O Level 27 Fighting
 - Level 26.6(27) Short Blades
 - Level 5.3(13.0) Long Blades
 - Level 4.1 Staves
 + Level 20.5 Armour
 O Level 27 Dodging
 O Level 27 Stealth
 + Level 20.4 Shields
 O Level 27 Evocations
 + Level 26.4 Shapeshifting


You had 26 spell levels left.
You didn't know any spells.
Your spell library was empty.

Dungeon Overview and Level Annotations

Branches:
Dungeon (15/15)            Temple (0/1) D:4            Lair (5/5) D:8
  Swamp (4/4) Lair:3        Snake (4/4) Lair:2        Slime (5/5) Lair:5
    Orc (2/2) D:9             Elf (3/3) Orc:2        Vaults (5/5) D:14
  Crypt (3/3) Vaults:2       Tomb (3/3) Crypt:3      Depths (4/4) D:15
   Hell (visited)             Dis (7/7) Hell            Geh (7/7) Hell
    Coc (7/7) Hell            Tar (7/7) Hell            Zot (5/5) Depths:4
Volcano (visited)         Gauntlet (visited)

Altars:
Ashenzari
Dithmenos
Fedhas
Gozag
Hepliaklqana
Kikubaaqudgha
Makhleb
Nemelex Xobeh
Qazlal
Sif Muna
Trog
Uskayaw
Wu Jian
Xom
Yredelemnul
The Shining One
Jiyva
Lugonu

Shops:
D:4 (   D:7 (   D:10 ?   Orc:2 *(*[   Elf:1 =:=   Elf:3 *   Snake:2 (*?
Vaults:4 ?   Vaults:5 !!!!   Depths:3 *(

Portals:
Hell: Depths:1 Depths:2 Depths:3 Depths:4
Abyss: Depths:1 Depths:3
Pandemonium: Depths:2 Depths:3
Ziggurat: Depths:1

Annotations:
Elf:2 2 runed translucent doors
Zot:3 2 transporters


Innate Abilities, Weirdness & Mutations

You are an undying horror.
Your melee and unarmed attacks drain, slow and weaken victims.
You are immune to unholy pain and torment.
You cannot drink.
You are immune to poison.
You are small and have problems with some larger weapons.
You are completely attuned to the shadows.
You possess an exceptional clarity of mind.
You are dopey. (Int -2)
You are robust. (+10% HP)
You occasionally shout uncontrollably at your foes.


Message History

A smoke demon comes into view.
You hit the smoke demon.
The smoke demon decays.
The smoke demon is lightly wounded.
Your +7 rapier "Tormentor" {spect, rPois Str+3} hits the smoke demon!!
You puncture the smoke demon!
The smoke demon decays.
The smoke demon is almost dead.
Your +7 rapier "Tormentor" {spect, rPois Str+3} hits the smoke demon but does no damage.
You hit the smoke demon.
You kill the smoke demon!
Trog accepts your kill.
Your +7 rapier "Tormentor" {spect, rPois Str+3} disappears.
(D) Dungeon (T) Temple (L) Lair (S) Swamp (P) Snake Pit (M) Slime Pits (O) Orcish Mines (E) Elven Halls (V) Vaults (C) Crypt (W) Tomb (U) Depths (H) Hell (I) Dis (G) Gehenna (X) Cocytus (Y) Tartarus (Z) Zot
Where to? (Tab/Enter - D:1, ? - help)
You see here a +0 club.
You see here a +0 spear.
You see here a +0 whip.
There is a stone staircase leading up here.
You climb upwards.
There is a stone staircase leading down here.
There is a fountain of clear blue water here.
There is a stone staircase leading up here.
You climb upwards.
There is a stone staircase leading down here.
There is a stone staircase leading up here.
You climb upwards.
There is a stone staircase leading down here.
A smoke demon comes into view.
You hit the smoke demon.
The smoke demon decays.
The smoke demon is lightly wounded.
You impale the smoke demon!!
The smoke demon decays.
The smoke demon is severely wounded.
You puncture the smoke demon!
You kill the smoke demon!
Trog accepts your kill.
There is a staircase leading out of the dungeon here.
You have escaped!

.#.#.#....#...# #.........## #.
.+...#....#.### ###........# #.
.#...#....#.##############.# #.
.#.#.....................#.#####.
...#...################..#.#.....
##...#...###........⌠#...........
.....###...#.≈≈≈≈≈...#...........
##.### #.#..........÷##..#.#.####
#.# #.#......z..8÷>#..#.#.####
#.# #.#..........÷###.#.#.....
#.# #..##.≈≈≈≈≈...#...#.#.####
#.# ####.##........⌠#..........#
##.###.....###########.#.#...##..
..................##...#.###.####
...###.#.#.######.##.............
...# #.#.#.######.####.##.#.##...
...# #.#.#.#.........#.##.#.##.##


There were no monsters in sight!

Vanquished Creatures
  Cerebov (Pan)
  Asmodeus (Geh:7)
  the Royal Jelly (Slime:5)
  Antaeus (Coc:7)
  Ereshkigal (Tar:7)
  Mnoleg (Pan)
  the Serpent of Hell (Tar:7)
  Lom Lobon (Pan)
  Dispater (Dis:7)
  6 dread liches
  3 pandemonium lords
  6 ancient liches
  7 orbs of fire
  4 juggernauts
  11 royal mummies
  Josephina (Zot:4)
  19 shard shrikes
  4 Killer Klowns (Zot:5)
  Bai Suzhen (Vaults:5)
  Saint Roka (Vaults:1)
  Margery (Depths:4)
  Geryon (Hell)
  19 caustic shrikes
  The ghost of Toly the Victor of a Thousand Battles, a veteran GnWn of Okawaru (Depths:3)
  24 golden dragons
  Norris (Vaults:2)
  26 bone dragons
  9 profane servitors
  4 electric golems
  14 Tzitzimimeh
  The ghost of Sundig the Hoplite, an adept MiFi of Okawaru (Snake:4)
  16 Brimstone Fiends
  12 iron giants
  Zenata (Crypt:1)
  2 shard shrike zombies
  13 doom hounds
  9 hellephants
  12 Hell Sentinels
  Jorgrun (D:13)
  14 tainted leviathans
  A shard shrike skeleton (Crypt:3)
  19 tentacled monstrosities
  23 Ice Fiends
  21 Orb Guardians
  2 walking earthen tomes (Depths:2)
  The ghost of MrSquiggles the Peltast, an adept MiFi of Okawaru (Snake:4)
  3 deep elf blademasters (Elf:3)
  5 quicksilver dragons
  10 liches
  18 searing wretches
  A deep elf master archer (Elf:3)
  14 sphinxes
  18 acid blobs
  18 titans
  25 ancient champions
  Gastronok (Lair:3)
  4 death cobs
  15 Executioners
  Kirke (Snake:2)
  11 tentacled starspawn
  Aizul (Snake:2)
  2 thorn hunters
  5 draconian monks
  12 shadow dragons
  12 storm dragons
  9 rockslimes
  6 revenants
  26 fire giants
  Donald (Crypt:1)
  9 tengu reavers
  A daeva (Abyss:1)
  6 nagarajas
  12 narguns
  3 demonspawn warmongers (Pan)
  A fenstrider witch (Swamp:2)
  3 draconian knights
  13 azure jellies
  9 deep elf sorcerers
  19 vault wardens
  8 iron dragons
  50 balrugs
  6 draconian scorchers
  5 ghost moths
  3 spectral caustic shrikes
  11 quicksilver elementals
  11 frost giants
  6 deep elf elementalists (Elf:3)
  5 curse skulls
  5 draconian shifters
  2 juggernaut zombies
  2 caustic shrike zombies (Tar:7)
  3 shard shrike simulacra
  An angel (Abyss:1)
  24 very ugly things
  12 draconian annihilators
  4 draconian stormcallers
  3 ghouls
  A spectral juggernaut (Depths:3)
  7 demonspawn blood saints (Pan)
  5 demonspawn corrupters (Pan)
  2 spriggan defenders
  19 ironbound preservers
  An ophan (Abyss:2)
  A quicksilver ooze (shapeshifter) (Vaults:2)
  14 cacodemons
  7 reapers
  13 quicksilver oozes
  39 war gargoyles
  15 stone giants
  An orc warlord (Vaults:3)
  3 formless jellyfish
  26 elemental wellsprings
  3 caustic shrike skeletons
  9 green draconians
  12 ironbound thunderhulks
  16 putrid mouths
  8 black draconians
  7 vampire knights
  A bunyip (shapeshifter) (Elf:3)
  A juggernaut skeleton (Tomb:3)
  4 eleionomae
  11 purple draconians
  12 deep elf annihilators
  9 deep elf demonologists
  A minotaur (Gauntlet)
  17 wendigos
  12 red draconians
  4 lorocyprocas
  7 demonspawn black suns (Pan)
  9 dire elephants
  Azrael (Snake:2)
  4 spectral titans
  8 white draconians
  12 bennus
  15 yellow draconians
  8 spark wasps
  3 bunyips
  14 eidola
  12 blizzard demons
  7 deep elf death magi
  20 iron golems
  9 green deaths (Pan)
  13 ettins
  2 jiangshi (Crypt:1)
  An entropy weaver (shapeshifter) (D:14)
  5 deep elf high priests
  A crystal guardian (Vaults:3)
  10 fire dragons
  6 spectral spriggans
  A spectral golden dragon (Tar:6)
  2 entropy weavers
  20 mummy priests
  A quicksilver dragon skeleton (Pan)
  13 yaktaur captains
  22 hydras
  6 ice dragons
  A fenstrider witch zombie (Tomb:1)
  8 rakshasas
  32 vault guards
  13 great orbs of eyes
  3 peacekeepers
  9 salamander tyrants
  3 ogre magi
  Fannar (D:10)
  7 ironbound frosthearts
  5 caustic shrike simulacra
  2 hell beasts
  9 centaur warriors
  12 anacondas
  An elf skeleton (Pan)
  7 juggernaut simulacra
  8 two-headed ogres
  5 spriggan air magi
  An alligator (Swamp:4)
  A spectral stone giant (Depths:3)
  15 boulder beetles
  3 catoblepae
  2 death knights
  29 dancing weapons
  16 stokers
  70 death scarabs
  19 naga warriors
  6 deep troll shamans
  5 spectral nagas
  21 hell hogs
  4 occultists
  9 death yaks
  5 demonic crawlers (Pan)
  2 vampire magi
  10 tengu warriors
  7 naga sharpshooters
  13 deep troll earth magi
  A titan zombie (Depths:3)
  9 thrashing horrors
  9 shock serpents
  3 spectral dire elephants
  5 spriggan berserkers
  20 soul eaters
  21 deep elf knights
  31 hell knights
  11 spriggans
  4 orc high priests
  49 sun demons
  10 crystal echidnas
  A fire crab (Gauntlet)
  4 skysharks
  7 iron trolls
  3 wretched stars
  Amaemon (Lair:1)
  31 shadow wraiths
  32 large abominations
  A quicksilver dragon simulacrum (Coc:7)
  24 sixfirhies
  27 skeletal warriors
  A skyshark (shapeshifter) (Depths:4)
  3 flayed ghosts
  6 salamander mystics
  A spatial maelstrom (Abyss:2)
  2 spriggan druids
  49 deep trolls
  5 shadow demons
  A cherub (Pan)
  An obsidian statue (Vaults:1)
  2 iron giant zombies
  13 bog bodies
  8 sea snakes
  12 arcanists
  A spectral hydra (Tar:1)
  19 starcursed masses
  3 glowing orange brains
  An anaconda zombie (Hell)
  12 swamp dragons
  10 lindwurms
  7 phantasmal warriors
  2 fenstrider witch simulacra (Coc:1)
  Pikel (D:7)
  A spriggan simulacrum (Coc:4)
  27 deep elf pyromancers
  8 naga ritualists
  16 deep elf archers
  29 deep elf zephyrmancers
  2 iron giant skeletons
  8 necromancers
  20 ironbound convokers
  A golden dragon skeleton (Crypt:3)
  An anaconda skeleton (Hell)
  An alligator zombie (Hell)
  2 harpies
  2 stone giant zombies (Depths:3)
  43 ugly things
  An iron dragon zombie (Crypt:3)
  7 orc sorcerers
  3 wolf spiders
  13 orc knights
  A human zombie (Vaults:4)
  16 shining eyes
  2 spectral ettins
  13 mana vipers
  5 cyclopes
  An oklob plant (Gauntlet)
  4 manticores
  26 moths of wrath
  5 will-o-the-wisps
  An alligator skeleton (Hell)
  2 dire elephant zombies (Crypt:3)
  6 worldbinders
  16 vault sentinels
  4 rust devils (Hell)
  18 salamanders
  5 elephants
  6 guardian serpents
  3 spectral centaurs
  4 ice statues
  16 naga magi
  17 orange demons
  50 black mambas
  7 titan simulacra
  2 apocalypse crabs (Abyss:4)
  A naga zombie (Tar:7)
  An eye of devastation (Slime:1)
  36 hellions
  A storm dragon simulacrum (Zot:4)
  8 gargoyles
  An alligator snapping turtle zombie (Crypt:1)
  12 cane toads
  34 smoke demons
  2 torpor snails
  8 rime drakes
  2 dire elephant skeletons
  Jeremiah (D:7)
  A cane toad (shapeshifter) (Elf:2)
  8 komodo dragons
  3 naga skeletons
  The ghost of bahustanut the Skirmisher, a novice FoHu of Hepliaklqana (D:5)
  A red draconian zombie (Crypt:1)
  3 unseen horrors
  An alligator snapping turtle skeleton (Crypt:3)
  7 efreet
  16 tormentors
  A bunyip simulacrum (Coc:1)
  A spectral deep troll (Tar:1)
  7 anaconda simulacra
  39 yaktaurs
  50 guardian mummies
  A golden dragon simulacrum (Coc:7)
  3 iron giant simulacra
  A grey draconian skeleton (Crypt:2)
  7 tengu conjurers
  12 freezing wraiths
  10 ancient zymes
  3 silent spectres
  7 red devils
  A bloated husk (Swamp:2)
  A spectral harpy (Tar:2)
  6 meliai
  4 ice devils
  A queen bee (Gauntlet)
  4 trolls
  23 hellwings
  2 polar bears
  A hydra zombie (Tar:7)
  10 tyrant leeches
  A tengu simulacrum (Vaults:4)
  A wolf spider simulacrum (D:12)
  A harpy zombie (Tar:7)
  A black draconian skeleton (Crypt:1)
  13 hornets
  3 shadow dragon simulacra
  A queen bee (shapeshifter) (Vaults:5)
  Prince Ribbit (D:8)
  5 glass eyes
  An iron dragon simulacrum (Coc:5)
  2 glass eyes (shapeshifter)
  18 blink frogs
  5 raiju
  A draconian simulacrum (Zot:4)
  2 ettin zombies
  14 dream sheep
  5 stone giant simulacra
  3 harpy skeletons
  77 slime creatures
  37 flying skulls
  49 yaks
  2 alligator snapping turtle simulacra
  An air elemental (Abyss:3)
  4 shadows
  14 ynoxinuls
  8 dire elephant simulacra
  13 fire bats
  8 wyverns
  A vampire (D:14)
  3 humans (D:12)
  A fire bat (shapeshifter) (Vaults:4)
  5 water elementals
  12 wraiths
  6 hogs (Snake:2)
  Grum (D:10)
  2 fire elementals (Snake:2)
  6 golden eyes
  18 neqoxecs
  11 basilisks
  6 chaos spawn
  15 swamp worms
  8 wargs
  4 steam dragons
  12 harpy simulacra
  5 vampire mosquitoes
  A yellow draconian simulacrum (Zot:4)
  A redback (D:14)
  5 acid dragons
  45 nagas
  3 hydra simulacra
  15 hell hounds
  A moth of wrath simulacrum (Zot:4)
  21 water moccasins
  Duvessa (D:7)
  3 swamp drakes (Swamp:4)
  2 black bears
  A demonspawn skeleton (Crypt:2)
  7 ice beasts
  25 orc warriors
  A boggart (D:14)
  8 ogres
  3 ettin simulacra
  2 human skeletons
  4 centaurs
  40 wolves
  A swamp dragon skeleton (Tomb:2)
  2 lemures (D:7)
  8 bullfrogs
  3 kobold brigands
  3 necrophages
  8 small abominations
  4 gnoll sergeants
  2 naga simulacra
  3 earth elementals
  12 wights
  A queen bee zombie (Crypt:2)
  A yak zombie (Crypt:1)
  Dowan (D:7)
  3 killer bees (Gauntlet)
  An electric eel (Snake:3)
  4 howler monkeys
  2 crimson imps (Geh:4)
  A jelly (D:7)
  3 gnoll boudas
  3 hounds
  21 orc priests
  3 iron imps
  2 sleepcaps
  Natasha (thrice) (D:3)
  9 iguanas
  24 orc wizards
  A tengu zombie (Crypt:2)
  A hound skeleton (Crypt:1)
  32 mummies
  31 gnolls
  16 adders
  A shadow imp (Pan)
  5 white imps
  7 ufetubi
  4 worms
  2 dart slugs (D:1)
  69 orcs
  10 endoplasms
  5 giant cockroaches
  3 goblins
  6 hobgoblins
  18 kobolds
  4 quokkas
  7 ball pythons
  6 bats
  A goblin skeleton (Crypt:1)
  A goblin zombie (Crypt:2)
  3 rats
  A river rat zombie (Crypt:1)
  A creeping inferno (Hell)
  A lurking horror (Abyss:4)
  2 starspawn tentacles
3836 creatures vanquished.

Vanquished Creatures (collateral kills)
  Gloorx Vloq (Pan)
  A pandemonium lord (D:14)
  A dread lich (Zot:5)
  An ancient lich (Zot:5)
  the Lernaean hydra (Swamp:4)
  A Killer Klown (Zot:5)
  A tentacled monstrosity (Zot:5)
  4 Orb Guardians
  An Executioner (D:14)
  A very ugly thing (Pan)
  A lorocyproca (D:14)
  A purple draconian (Zot:5)
  A tengu warrior (D:14)
  A smoke demon (Pan)
  A hellwing (Pan)
  A large abomination (Pan)
  A small abomination (D:14)
  A ball lightning (Pan)
  A fire vortex (Geh:7)
22 creatures vanquished.

Vanquished Creatures (others)
  A fire giant (Geh:2)
  A shard shrike simulacrum (Coc:5)
  A vampire knight (Crypt:1)
  A deep elf annihilator (Pan)
  A juggernaut simulacrum (Coc:1)
  A stoker (Geh:7)
  A salamander tyrant (Snake:4)
  A deep elf knight (Elf:2)
  A sixfirhy (Pan)
  A quicksilver dragon simulacrum (Coc:4)
  A spriggan simulacrum (Coc:4)
  An anaconda skeleton (Hell)
  A deep elf pyromancer (Elf:2)
  A smoke demon (Pan)
  An unseen horror (D:11)
  A tormentor (Coc:5)
  An anaconda simulacrum (Coc:3)
  A bloated husk (Swamp:2)
  2 iron dragon simulacra (Coc:2)
  A flying skull (Tomb:2)
  An orc simulacrum (Coc:2)
  A golden eye (shapeshifter) (D:14)
  A naga simulacrum (Coc:4)
  2 harpy simulacra
  A hydra simulacrum (Coc:2)
  An ogre (Vaults:5)
  A crimson imp (Geh:4)
  5 ball lightnings (Pan)
  3 creeping infernos
  4 fire vortices
  10 foxfires (Swamp:1)
  218 spectral weapons
  15 starspawn tentacles
284 creatures vanquished.

Grand Total: 4142 creatures vanquished

Notes
Turn   | Place    | Note
-------+----------+-------------------------------------------
     0 | D:1      | questionabletactics the Kobold Berserker began the quest
                  | for the Orb.
     0 | D:1      | Reached XP level 1. HP: 14/14 MP: 1/1
    81 | D:1      | Reached skill level 1 in Stealth
   342 | D:1      | Reached XP level 2. HP: 12/19 MP: 2/2
   957 | D:1      | Reached XP level 3. HP: 23/23 MP: 3/3
  1291 | D:2      | Found a basalt altar of Yredelemnul.
  1371 | D:2      | Reached skill level 5 in Short Blades
  1640 | D:2      | Reached ** piety under Trog
  1675 | D:2      | Reached XP level 4. HP: 28/28 MP: 4/4
  1958 | D:2      | You fall into a shaft and drop 1 floor!
  2074 | D:3      | Noticed Natasha
  2078 | D:3      | Killed Natasha
  2079 | D:3      | Reached skill level 5 in Stealth
  2079 | D:3      | Reached XP level 5. HP: 32/32 MP: 5/5
  2104 | D:3      | Found a hide-covered altar of Uskayaw.
  2209 | D:3      | Found an opulent altar of Gozag.
  2386 | D:3      | Noticed Natasha
  2394 | D:3      | Killed Natasha
  2626 | D:3      | Found the +7 staff of the Meek {protect, meekguard}
  2766 | D:3      | Noticed Natasha
  2797 | D:3      | Killed Natasha
  2798 | D:3      | Reached XP level 6. HP: 38/38 MP: 6/6
  3460 | D:4      | Reached *** piety under Trog
  3623 | D:4      | Found a hazy altar of Hepliaklqana.
  3696 | D:4      | Noticed an ogre
  3710 | D:4      | Killed an ogre
  3711 | D:4      | Reached XP level 7. HP: 44/44 MP: 7/7
  3977 | D:4      | Found a staircase to the Ecumenical Temple.
  4099 | D:4      | Found a broken altar of Ashenzari.
  4255 | D:4      | Found Eja Myxt's Antique Weapon Shoppe.
  4429 | D:5      | Entered Level 5 of the Dungeon
  4452 | D:5      | Found a sparkling altar of Nemelex Xobeh.
  4559 | D:5      | Reached XP level 8. HP: 48/48 MP: 8/8
  4582 | D:5      | Reached skill level 5 in Dodging
  4744 | D:4      | Reached skill level 10 in Stealth
  4951 | D:5      | Noticed a yak
  4955 | D:5      | Noticed a yak
  4958 | D:5      | Killed a yak
  4959 | D:5      | Noticed a yak
  4970 | D:4      | Killed a yak
  4971 | D:4      | Reached XP level 9. HP: 44/53 MP: 9/9
  5133 | D:5      | Found a transporter.
  5138 | D:5      | Found a transporter.
  5138 | D:5      | Identified the +0 ring mail of Xom's Vengeance {rN+ Int+4}
  5276 | D:5      | Found a burning altar of Makhleb.
  5280 | D:5      | Noticed a balrug
  5340 | D:5      | Found a stormy altar of Qazlal.
  5581 | D:6      | Noticed Prince Ribbit
  5596 | D:6      | Reached skill level 5 in Fighting
  5851 | D:6      | Noticed a two-headed ogre
  5863 | D:6      | Killed a two-headed ogre
  6239 | D:6      | Reached XP level 10. HP: 63/63 MP: 10/10
  6338 | D:7      | Identified the of Jinloahu
  6338 | D:7      | Identified the of Wuhimn
  6338 | D:7      | Identified the of Puidwyeq
  6350 | D:7      | Noticed Pikel
  6356 | D:7      | Killed Pikel
  6372 | D:7      | Found Jeti Gun's Antique Weapon Shop.
  6375 | D:7      | Bought a crystal dagger for 175 gold pieces
  6375 | D:7      | Identified the +3 dagger of Woe {chaos, rElec Str+5} (You
                  | bought it in a shop on level 7 of the Dungeon)
  6486 | D:7      | Reached skill level 1 in Evocations
  6555 | D:7      | Reached **** piety under Trog
  6657 | D:7      | Noticed Duvessa
  6663 | D:7      | Noticed Dowan
  6670 | D:7      | Killed Duvessa
  6678 | D:7      | Killed Dowan
  6745 | D:7      | Found a burning altar of Makhleb.
  6745 | D:7      | Noticed a cyclops
  6800 | D:7      | Found a shimmering blue altar of Sif Muna.
  6953 | D:7      | Found a blossoming altar of Fedhas.
  6966 | D:7      | Found a sparkling altar of Nemelex Xobeh.
  6968 | D:7      | Noticed a green ugly thing
  6972 | D:7      | Killed a green ugly thing
  7062 | D:7      | Found a glowing golden altar of the Shining One.
  7145 | D:7      | Noticed Jeremiah
  7462 | D:8      | Found a shadowy altar of Dithmenos.
  7526 | D:8      | Killed Prince Ribbit
  7527 | D:8      | Reached skill level 5 in Evocations
  7581 | D:8      | Found a staircase to the Lair.
  7793 | D:8      | Reached skill level 10 in Fighting
  7793 | D:8      | Reached XP level 11. HP: 72/72 MP: 11/11
  8527 | D:9      | Found a staircase to the Orcish Mines.
  8594 | D:9      | Found a bloodstained altar of Trog.
  8759 | D:9      | Found a shimmering altar of Xom.
  8932 | D:8      | Reached skill level 10 in Dodging
  9151 | D:9      | Noticed a centaur warrior
  9169 | D:9      | Killed a centaur warrior
  9307 | D:10     | Entered Level 10 of the Dungeon
  9354 | D:10     | Found Coopsick's Magic Scroll Shoppe.
  9359 | D:10     | Bought a scroll of identify for 30 gold pieces
  9473 | D:10     | Found a portal to a secret trove of treasure.
  9625 | D:10     | Found a basalt altar of Yredelemnul.
  9668 | D:10     | Noticed Grum
  9702 | D:10     | Killed Grum
  9746 | D:10     | Noticed a boulder beetle
  9766 | D:10     | Killed a boulder beetle
  9958 | D:10     | Noticed Fannar
 10030 | Lair:1   | Entered Level 1 of the Lair of Beasts
 10057 | Lair:1   | Reached ***** piety under Trog
 10100 | Lair:1   | Reached XP level 12. HP: 60/77 MP: 12/12
 10208 | Lair:1   | Reached skill level 1 in Staves
 10322 | Lair:1   | Reached skill level 15 in Stealth
 10355 | Lair:1   | Noticed Amaemon
 10583 | Lair:1   | Noticed a boulder beetle
 10591 | Lair:1   | Killed a boulder beetle
 10943 | Lair:1   | Killed Amaemon
 11459 | Lair:2   | Found a dark tunnel.
 11465 | Volcano  | Entered a volcano
 11547 | Volcano  | HP: 2/80 [gargoyle/stone arrow (18)]
 11601 | Volcano  | Noticed a stone giant
 11618 | Volcano  | Killed a stone giant
 11721 | Volcano  | Received a gift from Trog
 12168 | Lair:2   | Reached XP level 13. HP: 86/86 MP: 13/13
 12478 | Lair:2   | Found a staircase to the Snake Pit.
 13340 | Lair:3   | Found a staircase to the Swamp.
 14038 | Lair:3   | Noticed Gastronok
 14102 | Lair:3   | Killed Gastronok
 14408 | Lair:4   | Reached XP level 14. HP: 92/92 MP: 14/14
 15767 | Lair:5   | Entered Level 5 of the Lair of Beasts
 15810 | Lair:5   | Found a viscous altar of Jiyva.
 15810 | Lair:5   | Found a staircase to the Slime Pits.
 16005 | Lair:5   | Reached skill level 10 in Evocations
 16194 | Lair:5   | Identified the +3 leather armour of the Sun {Drain +Inv
                  | Slay+4}
 16228 | Lair:5   | Received a gift from Trog
 17051 | Lair:5   | Reached skill level 15 in Dodging
 17118 | Lair:5   | Identified the +0 scale mail of the Turtledove {Drain rPois
                  | Str+3}
 17266 | Lair:5   | Found the amulet of Vitality {RegenMP++ Regen++}
 17306 | Lair:5   | Reached skill level 15 in Fighting
 17314 | Lair:5   | Reached XP level 15. HP: 100/103 MP: 15/15
 18184 | D:5      | Noticed bahustanut's ghost (novice FoHu)
 18193 | D:5      | Killed bahustanut's ghost
 18201 | D:5      | Identified the amulet "Zuotabo" {RegenMP rN+ Dex+2}
 18324 | D:7      | Killed Jeremiah
 18420 | D:10     | Killed Fannar
 18421 | D:10     | Reached skill level 1 in Long Blades
 18421 | D:10     | Reached skill level 1 in Shields
 18882 | D:11     | Found a bloodstained altar of Trog.
 19386 | D:12     | Found a gate leading to a gauntlet.
 19392 | Gauntlet | Entered a Gauntlet
 19392 | Gauntlet | Found a transporter.
 19413 | Gauntlet | Found a transporter.
 19421 | Gauntlet | Found a transporter.
 19427 | Gauntlet | Found a transporter.
 19449 | Gauntlet | Found a transporter.
 19461 | Gauntlet | Found a transporter.
 19473 | Gauntlet | Found a transporter.
 19500 | Gauntlet | Found a transporter.
 19527 | Gauntlet | Found a transporter.
 19528 | Gauntlet | Found the +2 hat of the Bear Spirit {Spirit, Bear, *Rage
                  | Will++}
 19539 | Gauntlet | Found a transporter.
 19562 | Gauntlet | Found a transporter.
 19574 | Gauntlet | Found a transporter.
 19583 | Gauntlet | Found a transporter.
 19606 | Gauntlet | Found a transporter.
 19874 | Gauntlet | Found a transporter.
 19881 | Gauntlet | Found a transporter.
 19886 | Gauntlet | Identified the staff "Jepetoro" {+Blink Str-4 Int+2 Earth}
 19891 | Gauntlet | Found a transporter.
 19915 | Gauntlet | Found a transporter.
 20118 | Gauntlet | Identified the +5 trident of the Sun {venom, Contam rN+
                  | Int+3 Dex+5}
 20118 | Gauntlet | Identified the ring of Temperance {rF+++ Will- EV+5 Dex+5
                  | Slay+3}
 20123 | Gauntlet | Received a gift from Trog
 20134 | Gauntlet | Identified the +0 robe of Nihilism {+Inv rN+ SInv}
 20578 | D:12     | Found a transporter.
 20596 | D:12     | Found a transporter.
 20597 | D:12     | Noticed a vault warden
 20900 | D:12     | Found an ornate altar of the Wu Jian Council.
 20900 | D:12     | Found a transporter.
 21164 | Orc:1    | Entered Level 1 of the Orcish Mines
 21881 | Orc:2    | Entered Level 2 of the Orcish Mines
 22423 | Orc:2    | Found a staircase to the Elven Halls.
 22502 | Orc:2    | Reached skill level 5 in Long Blades
 22502 | Orc:2    | Reached skill level 5 in Shields
 22531 | Orc:2    | Reached ****** piety under Trog
 22587 | Orc:2    | Found Humofeke's Weapon Boutique.
 22587 | Orc:2    | Found Ummoen's Antique Armour Shoppe.
 22597 | Orc:2    | Found Wizy's Assorted Antiques.
 22599 | Orc:2    | Found Roomis's Assorted Antiques.
 22975 | Orc:2    | Bought the +7 rapier "Tormentor" {spect, rPois Str+3} for
                  | 1062 gold pieces
 23156 | D:12     | Found a transporter.
 23223 | D:13     | Found a flickering gateway to a bazaar.
 23227 | D:13     | Identified the +3 leather armour of the Blue Skies {rF+}
 23230 | Bazaar   | Entered a bazaar
 23231 | Bazaar   | Found Jitamoel's Assorted Antiques.
 23251 | Bazaar   | Found Ulemoan's Book Boutique.
 23261 | Bazaar   | Found Qeuckiph's Magic Scroll Emporium.
 23266 | Bazaar   | Found Textass's Distillery.
 23299 | Bazaar   | Found Refuito's Antique Weapon Shop.
 23342 | Bazaar   | Bought a scroll of blinking for 60 gold pieces
 23342 | Bazaar   | Bought a scroll of teleportation for 24 gold pieces
 23347 | Bazaar   | Bought a potion of cancellation for 96 gold pieces
 23347 | Bazaar   | Bought a potion of heal wounds for 60 gold pieces
 23347 | Bazaar   | Bought 2 potions of might for 96 gold pieces
 23478 | D:13     | Noticed Jorgrun
 23816 | D:13     | Reached XP level 16. HP: 108/108 MP: 16/16
 23928 | D:13     | Killed Jorgrun
 24180 | D:14     | Found a gate to the Vaults.
 24293 | D:14     | Reached skill level 10 in Short Blades
 24294 | D:14     | Received a gift from Trog
 24536 | D:14     | Identified the +6 falchion of Disorder {vamp, rN+ Int+3
                  | Stlth+}
 25197 | D:15     | Entered Level 15 of the Dungeon
 25299 | D:15     | Paralysed by something for 5 turns
 25370 | D:15     | Found a staircase to the Depths.
 25577 | D:15     | Reached XP level 17. HP: 113/113 MP: 17/17
 25586 | D:15     | Identified the +4 battleaxe of Drought {freeze, rPois rF-
                  | rN++ SInv}
 26176 | Snake:1  | Entered Level 1 of the Snake Pit
 26437 | Snake:1  | Found a runed translucent gate.
 26437 | Snake:1  | Found a runed translucent gate.
 26437 | Snake:1  | Found a runed translucent gate.
 27781 | Snake:2  | Identified the +6 scale mail of Sloth {Stlth+}
 27815 | Snake:2  | Noticed Azrael
 27837 | Snake:2  | Killed Azrael
 27859 | Snake:2  | Received a gift from Trog
 28011 | Snake:2  | Noticed Kirke
 28191 | Snake:2  | Killed Kirke
 28449 | Snake:2  | Reached skill level 15 in Evocations
 28623 | Snake:2  | Reached XP level 18. HP: 87/122 MP: 18/18
 28728 | Snake:2  | Noticed Aizul
 28754 | Snake:2  | Killed Aizul
 28900 | Snake:2  | Found Leameorch's Magic Scroll Shop.
 28902 | Snake:2  | Found Yfujyirch's Assorted Antiques.
 28904 | Snake:2  | Found Vurchep's Weapon Shop.
 30447 | Snake:4  | Entered Level 4 of the Snake Pit
 30487 | Snake:4  | Received a gift from Trog
 31077 | Snake:4  | Found a runed translucent gate.
 31078 | Snake:4  | Found a runed translucent gate.
 31079 | Snake:4  | Found a runed translucent gate.
 31645 | Snake:4  | Received a gift from Trog
 31897 | Snake:4  | Reached XP level 19. HP: 128/128 MP: 19/19
 31921 | Snake:4  | Got a serpentine rune of Zot
 32253 | Swamp:1  | Entered Level 1 of the Swamp
 32938 | Swamp:2  | Received a gift from Trog
 33027 | Swamp:2  | Paralysed by a fenstrider witch for 4 turns
 33909 | Swamp:4  | Identified the "Cuugepae"
 33909 | Swamp:4  | Entered Level 4 of the Swamp
 34455 | Swamp:4  | Noticed the 27-headed Lernaean hydra
 34463 | Swamp:4  | Killed the 27-headed Lernaean hydra
 34533 | Swamp:4  | Received a gift from Trog
 34538 | Swamp:4  | Got a decaying rune of Zot
 35071 | D:12     | Reached XP level 20. HP: 137/137 MP: 20/20
 35077 | D:12     | Found an ornate altar of the Wu Jian Council.
 35480 | Vaults:1 | Identified the "Ekhi"
 35480 | Vaults:1 | Entered Level 1 of the Vaults
 35755 | Vaults:1 | Noticed Saint Roka
 35790 | Vaults:1 | Killed Saint Roka
 36148 | Vaults:1 | Identified the +4 quarterstaff "Ippedweh" {flame, *Noise
                  | rF- Dex+8 Stlth+} (Trog gifted it to you on level 1 of the
                  | Vaults)
 36148 | Vaults:1 | Received a gift from Trog
 36688 | Vaults:1 | Reached skill level 10 in Shields
 36818 | Vaults:1 | Found a transporter.
 36836 | Vaults:1 | Found a transporter.
 37116 | Vaults:2 | Received a gift from Trog
 37427 | Vaults:2 | Noticed Norris
 37431 | Vaults:2 | Killed Norris
 37948 | Vaults:2 | Found a staircase to the Crypt.
 38346 | Vaults:2 | Reached XP level 21. HP: 142/142 MP: 21/21
 38896 | Vaults:3 | Received a gift from Trog
 40443 | Vaults:4 | Received a gift from Trog
 40736 | Vaults:4 | Identified a scroll of acquirement
 40737 | Vaults:4 | Acquired 762 gold pieces
 40891 | Vaults:4 | Found Lenail's Magic Scroll Shop.
 40896 | Vaults:4 | Bought a scroll of blinking for 127 gold pieces
 40944 | Vaults:4 | Reached skill level 15 in Shields
 41650 | Vaults:4 | Reached XP level 22. HP: 148/148 MP: 22/22
 41883 | Vaults:4 | Received a gift from Trog
 41889 | Vaults:4 | Noticed a golden dragon
 41896 | Vaults:4 | Killed a golden dragon
 42429 | Crypt:3  | Identified the "Xadiqel"
 42429 | Crypt:3  | Identified the "Wafenuo"
 42429 | Depths:1 | Identified the "Hucinwes"
 42429 | Depths:1 | Identified the "Doaj"
 42429 | Depths:1 | Identified the "Ushriuf"
 42429 | Elf:1    | Entered Level 1 of the Elven Halls
 42630 | Elf:1    | Found Zuekaogg's Jewellery Shop.
 42630 | Elf:1    | Found Cew Omy's Jewellery Shop.
 42631 | Elf:1    | Found Lanlae's Book Shoppe.
 42639 | Elf:1    | Bought the ring "Zutasax" {Str+4 Dex+6} for 771 gold pieces
 44133 | Elf:1    | Identified the +4 barding of Dyol {Regen+ rCorr Int+6}
 44190 | Elf:2    | Received a gift from Trog
 44191 | Elf:2    | Reached skill level 5 in Armour
 44571 | Elf:2    | Found a large runed translucent door.
 44571 | Elf:2    | Found a large runed translucent door.
 44649 | Elf:2    | Found a large runed translucent door.
 44649 | Elf:2    | Found a large runed translucent door.
 44719 | Elf:2    | Found a corrupted altar of Lugonu.
 45423 | Elf:2    | Received a gift from Trog
 45998 | Elf:3    | Identified the "Dunat"
 45998 | Elf:3    | Entered Level 3 of the Elven Halls
 46005 | Elf:3    | Found Doishr Umiergh's Assorted Antiques.
 46414 | Elf:3    | Received a gift from Trog
 46618 | Elf:3    | Reached XP level 23. HP: 153/153 MP: 23/23
 46946 | Elf:3    | Identified the +8 chain mail "Zokixkuts" {rF++ rC+ Dex+4}
 46983 | Elf:3    | Reached skill level 10 in Armour
 47307 | Elf:3    | Identified the +1 flail of the Scavenger {elec, rN+ Int-4
                  | Dex+3}
 47418 | Elf:3    | Received a gift from Trog
 48119 | Elf:3    | Identified the +7 dagger "Koduyr" {freeze, rN+ Will+ Int+5}
 48301 | Elf:3    | Identified the +0 war axe "Gomyir" {freeze, Contam rN+
                  | Str+4 Dex+2}
 48503 | Elf:3    | Found the +3 giant club "Skullcrusher" {speed, Str+7}
 48520 | Elf:3    | Identified the +0 leather armour "Yhiunko" {Contam +Blink
                  | rCorr Int+5}
 48549 | Elf:3    | Identified the +0 chain mail "Zuis" {Regen+ Str+5 Int+2}
 48563 | Elf:3    | Identified the +1 plate armour "Liut" {rF++ Int+3 Dex+4}
 48565 | Elf:3    | Identified the +5 arbalest of Okawaru {heavy, rElec Dex+3}
 48572 | Elf:3    | Identified the +3 shortbow of Judgement {drain, Str+3}
 48575 | Elf:3    | Identified the amulet "Temm" {Acrobat Int+8 Dex-3}
 49123 | Depths:1 | Entered Level 1 of the Depths
 49360 | Depths:1 | Found a gateway to Hell.
 49372 | Depths:1 | Gained mutation: You are dopey. (Int -2) [a shining eye]
 49372 | Depths:1 | Gained mutation: Armour fits poorly on your strangely
                  | shaped body. [a shining eye]
 49423 | Depths:1 | Lost mutation: Armour fits poorly on your strangely shaped
                  | body. [potion of mutation]
 49423 | Depths:1 | Lost mutation: You are dopey. (Int -2) [potion of mutation]
 49423 | Depths:1 | Gained mutation: You do not regenerate when monsters are
                  | visible. [potion of mutation]
 49423 | Depths:1 | Gained mutation: You are robust. (+10% HP) [potion of
                  | mutation]
 49423 | Depths:1 | Gained mutation: You have sharp toenails. [potion of
                  | mutation]
 49431 | Depths:1 | Lost mutation: You have sharp toenails. [potion of
                  | mutation]
 49431 | Depths:1 | Lost mutation: You do not regenerate when monsters are
                  | visible. [potion of mutation]
 49431 | Depths:1 | Gained mutation: You possess an exceptional clarity of
                  | mind. [potion of mutation]
 49641 | Depths:1 | Found a one-way gateway to a ziggurat.
 49982 | Depths:1 | Received a gift from Trog
 50051 | Depths:1 | Found a corrupted altar of Lugonu.
 50051 | Depths:1 | Found a one-way gate to the infinite horrors of the Abyss.
 50258 | Depths:1 | Noticed a golden dragon
 50282 | Depths:1 | Killed a golden dragon
 50371 | Depths:1 | Reached XP level 24. HP: 174/178 MP: 23/23
 50392 | Depths:1 | Reached skill level 1 in Shapeshifting
 50969 | Depths:2 | Found a blossoming altar of Fedhas.
 51172 | Depths:2 | Found a one-way gate leading to the halls of Pandemonium.
 51252 | Depths:2 | Reached skill level 5 in Shapeshifting
 51308 | Depths:2 | Identified the +0 chain mail of the Hart {+Inv rElec rC+
                  | Dex+3}
 51522 | Depths:2 | Received a gift from Trog
 51578 | Depths:2 | Noticed a juggernaut
 51589 | Depths:2 | Killed a juggernaut
 51792 | Depths:2 | Noticed a caustic shrike
 51946 | Depths:2 | Killed a caustic shrike
 52117 | Depths:2 | Identified the +5 scale mail of Eggoirask {rCorr Str+3
                  | Slay+3}
 52179 | Depths:2 | Noticed a caustic shrike
 52203 | Depths:2 | Killed a caustic shrike
 52388 | Depths:3 | Found Foahivoa's Weapon Boutique.
 52452 | Depths:3 | Found Faommul's CLEARANCE SALE!.
 52665 | Depths:3 | Reached skill level 10 in Shapeshifting
 52775 | Depths:3 | Noticed a golden dragon
 52786 | Depths:3 | Killed a golden dragon
 52826 | Depths:3 | Noticed a golden dragon
 52830 | Depths:3 | Killed a golden dragon
 52841 | Depths:3 | Received a gift from Trog
 53006 | Depths:3 | Found a runed translucent door.
 53112 | Depths:3 | Reached XP level 25. HP: 168/184 MP: 21/23
 53188 | Depths:3 | Identified the +0 pair of gloves of Boq Nec {+Blink rC+ rN+
                  | Int-5}
 53609 | Depths:3 | Noticed Toly's ghost (veteran GnWn)
 53668 | Depths:3 | Killed Toly's ghost
 53816 | Depths:3 | Identified the ring "Fakec" {Will+ EV+5 Slay+2}
 53889 | Depths:4 | Entered Level 4 of the Depths
 54127 | Depths:4 | Received a gift from Trog
 54209 | Depths:4 | Acquired a manual of Short Blades
 54402 | Depths:4 | Noticed Margery
 54444 | Depths:4 | Killed Margery
 54672 | Depths:4 | Found a gate to the Realm of Zot.
 55582 | Crypt:1  | Entered Level 1 of the Crypt
 55608 | Crypt:1  | Noticed Donald
 55612 | Crypt:1  | Killed Donald
 56090 | Crypt:1  | Noticed Zenata
 56095 | Crypt:1  | Killed Zenata
 56102 | Crypt:1  | You fall into a shaft and drop 1 floor!
 56187 | Crypt:1  | Reached skill level 15 in Shapeshifting
 56653 | Crypt:2  | Identified the +5 double sword of Absolutism {heavy,
                  | Fragile rF++ Dex+4} (Trog gifted it to you on level 2 of
                  | the Crypt)
 56653 | Crypt:2  | Received a gift from Trog
 57516 | Crypt:3  | Entered Level 3 of the Crypt
 57720 | Crypt:3  | Reached XP level 26. HP: 190/190 MP: 23/23
 58279 | Crypt:3  | Found a staircase to the Tomb.
 58280 | Crypt:3  | Identified the +0 robe "Zapremmo" {rC++}
 58463 | Crypt:3  | Received a gift from Trog
 58769 | Crypt:3  | Found an ancient bone altar of Kikubaaqudgha.
 58779 | Crypt:3  | Noticed a dread lich
 58782 | Crypt:3  | Killed a dread lich
 58799 | Crypt:3  | Identified the amulet of Urchasini {Acrobat Will+ Str-4
                  | Dex+2}
 58814 | Crypt:3  | Noticed a dread lich
 58824 | Crypt:3  | Paralysed by something for 2 turns
 58834 | Crypt:3  | Killed a dread lich
 59597 | Crypt:3  | Identified the staff of Excruciating Pain {rN+ Str+3 Necro}
 59798 | Vaults:5 | Entered Level 5 of the Vaults
 59993 | Vaults:4 | Received a gift from Trog
 60247 | Vaults:5 | Found Xuythi Gelim's Distillery.
 60251 | Vaults:5 | Bought a potion of heal wounds for 70 gold pieces
 60251 | Vaults:5 | Bought a potion of heal wounds for 70 gold pieces
 60294 | Vaults:5 | Acquired a manual of Short Blades
 60306 | Vaults:5 | Identified the +9 flail of Devotion {venom, Fly}
 60339 | Vaults:5 | Found Ydeuh's Distillery.
 60343 | Vaults:5 | Bought a potion of haste for 180 gold pieces
 60343 | Vaults:5 | Bought a potion of mutation for 144 gold pieces
 60434 | Vaults:5 | Found Nykoip's Distillery.
 60442 | Vaults:5 | Bought a potion of haste for 160 gold pieces
 60442 | Vaults:5 | Bought a potion of heal wounds for 80 gold pieces
 60442 | Vaults:5 | Bought a potion of haste for 160 gold pieces
 60442 | Vaults:5 | Bought 2 potions of might for 128 gold pieces
 60494 | Vaults:5 | Found Acetori's Distillery.
 60498 | Vaults:5 | Bought a potion of enlightenment for 70 gold pieces
 60645 | Vaults:5 | Noticed Bai Suzhen
 60700 | Vaults:5 | Killed Bai Suzhen
 60700 | Vaults:5 | Received a gift from Trog
 60732 | Vaults:5 | Noticed an ancient lich
 60734 | Vaults:5 | Noticed an ancient lich
 60744 | Vaults:5 | Killed an ancient lich
 60745 | Vaults:5 | Reached XP level 27. HP: 195/195 MP: 23/23
 60749 | Vaults:5 | Killed an ancient lich
 60900 | Vaults:5 | Got a silver rune of Zot
 60932 | Vaults:5 | Identified the +5 quarterstaff "Gram" {heavy, *Slow rF+
                  | MP+9 Int+2}
 61119 | Vaults:5 | Identified the ring of Ulogyosi {+Blink Will+ Int+6 Dex+4}
 61120 | Vaults:5 | Noticed a dread lich
 61146 | Vaults:5 | Killed a dread lich
 61195 | Vaults:5 | Identified the +1 dagger of the Endless Expanse {freeze,
                  | rElec}
 61219 | Vaults:5 | Identified the ring of the Shrieking God {Will- Dex+3
                  | Slay+2 SInv}
 61234 | Vaults:5 | Identified the +0 plate armour of Atyusug {rF- Will+ SInv}
 61253 | Vaults:5 | Noticed an ancient lich
 61254 | Vaults:5 | Identified the ring of Lugonu's Wrath {+Blink rN+ rCorr}
 61295 | Vaults:5 | Identified the ring of Polarewn {rF+ Str-3 Int+4}
 61304 | Vaults:4 | Killed an ancient lich
 61552 | Vaults:5 | Received a gift from Trog
 62192 | Depths:1 | Voluntarily entered the Abyss.
 62365 | Abyss:1  | Gained mutation: You are dopey. (Int -2) [a neqoxec]
 62785 | Abyss:1  | Gained mutation: You occasionally shout uncontrollably at
                  | your foes. [a neqoxec]
 62898 | Abyss:2  | Found a corrupted altar of Lugonu.
 63112 | Abyss:2  | Found a corrupted altar of Lugonu.
 63128 | Abyss:2  | Received a gift from Trog
 63349 | Abyss:3  | Found a corrupted altar of Lugonu.
 63663 | Abyss:4  | Paralysed by you for 2 turns
 63784 | Abyss:4  | Got an abyssal rune of Zot
 64111 | Depths:1 | Escaped the Abyss
 64256 | D:10     | You showed the abyssal rune of Zot to enter a treasure
                  | trove
 64257 | Trove    | Entered a treasure trove
 64265 | Trove    | Identified the +0 plate armour of Untruth {Fly}
 64313 | Trove    | Identified the +3 quarterstaff "Beastslayer" {venom, rN+
                  | Will+}
 64321 | Trove    | Identified the ring "Dyjeod" {rN+ rCorr MP+9 Int-4 SInv}
 65116 | Slime:1  | Entered Level 1 of the Pits of Slime
 65122 | Slime:1  | Found a viscous altar of Jiyva.
 65211 | Slime:1  | Received a gift from Trog
 67370 | Slime:5  | Entered Level 5 of the Pits of Slime
 67809 | Slime:5  | Noticed the Royal Jelly
 67819 | Slime:5  | Received a gift from Trog
 67830 | Slime:5  | Killed the Royal Jelly
 68026 | Slime:5  | Got a slimy rune of Zot
 68340 | Slime:5  | Identified the staff "Raet" {rPois rN+ Str-2 Int+2 Necro}
 68353 | Slime:5  | Identified the +2 robe of Indomitability {rCorr Int-4 Dex+3
                  | SInv Stlth+}
 68433 | Slime:5  | Identified the +3 dagger "Dragonbane" {drain, Will+ rCorr
                  | Stlth-}
 68461 | Slime:5  | Identified the +8 storm dragon scales "Ciqaeron" {rElec rC+
                  | rN+}
 68801 | Slime:5  | Identified the ring of Wishful Thinking {Str+6 Int+3}
 68807 | Slime:5  | Identified the +0 war axe of Urgency {flame, Fly rF++ Str+2
                  | Dex-4}
 68811 | Slime:5  | Identified the +6 morningstar of Hepliaklqana's Whim
                  | {drain, Str+2 Dex+2}
 69197 | Hell     | Entered the Vestibule of Hell
 69197 | Hell     | Noticed Geryon
 69235 | Hell     | Killed Geryon
 69330 | Hell     | Found a gateway to the Iron City of Dis.
 69616 | Hell     | Found a gateway to the ashen valley of Gehenna.
 69829 | Hell     | Found a gateway to the decaying netherworld of Tartarus.
 70032 | Hell     | Found a gateway to the freezing wastes of Cocytus.
 70482 | Snake:4  | Noticed Sundig's ghost (adept MiFi)
 70482 | Snake:4  | Noticed MrSquiggles's ghost (adept MiFi)
 70485 | Snake:4  | Killed Sundig's ghost
 70508 | Snake:4  | Killed MrSquiggles's ghost
 71027 | Vaults:1 | Received a gift from Trog
 71048 | Vaults:1 | Identified the +0 pair of boots of Codifevu {rC+}
 71239 | Zot:1    | Entered Level 1 of the Realm of Zot
 71503 | Zot:1    | Reached skill level 15 in Armour
 72698 | Zot:2    | Received a gift from Trog
 74142 | Zot:3    | Noticed an orb of fire
 74252 | Zot:3    | Found a transporter.
 74262 | Zot:3    | Found a transporter.
 74346 | Zot:3    | Killed an orb of fire
 74479 | Zot:3    | Noticed a dread lich
 74635 | Zot:3    | Identified the ring of Charity {rPois rF+ rC- Will+ Int+7}
 75287 | Zot:3    | Received a gift from Trog
 75375 | Zot:4    | Identified the ring of Gluttony {Ice rN+ Int+4}
 75375 | Zot:4    | Noticed Josephina
 75385 | Zot:4    | Killed Josephina
 75989 | Tar:7    | Identified the "Nyuxzitie"
 75989 | Tar:7    | Identified the "Vebemerifo"
 75989 | Tar:7    | Identified the "Vaofusai"
 75989 | Geh:7    | Identified the "Veocah"
 75989 | Pan      | Entered Pandemonium
 76845 | Pan      | Entered the realm of Mnoleg.
 77139 | Pan      | Received a gift from Trog
 77182 | Pan      | Noticed Mnoleg
 77207 | Pan      | Killed Mnoleg
 77371 | Pan      | Got a glowing rune of Zot
 77529 | Pan      | Reached skill level 27 in Stealth
 77682 | Pan      | Identified the of Sihok
 77898 | Pan      | Identified the of Zarisi
 77903 | Pan      | Received a gift from Trog
 78086 | Pan      | Entered the realm of Lom Lobon.
 78730 | Pan      | Received a gift from Trog
 78901 | Pan      | Noticed Lom Lobon
 78907 | Pan      | Got a magical rune of Zot
 79193 | Pan      | Killed Lom Lobon
 79325 | Pan      | Identified the of Gofoc
 79325 | Pan      | Identified the of Irodurith
 79525 | Pan      | Identified the +4 rapier "Bequeathed Grum" {antimagic, rF+}
                  | (Trog gifted it to you in Pandemonium)
 79525 | Pan      | Received a gift from Trog
 79594 | Pan      | Noticed Rubuwunn the pandemonium lord
 79714 | Pan      | Found an exit through the horrors of the Abyss.
 80182 | Pan      | Killed Rubuwunn the pandemonium lord
 80747 | Pan      | Found an exit through the horrors of the Abyss.
 80874 | Pan      | Noticed Itubryv the pandemonium lord
 81468 | Pan      | Killed Itubryv the pandemonium lord
 81472 | Pan      | Received a gift from Trog
 81614 | Pan      | Identified the staff "Vuer" {rPois rF+ Stlth+ Fire}
 81617 | Pan      | Identified the +3 orcbow of the Median {flame, rCorr Str+3
                  | Int+4 Dex-2}
 81624 | Pan      | Got a demonic rune of Zot
 81625 | Pan      | Identified the +2 battleaxe of Eternal War {flame, rC++}
 81631 | Pan      | Entered the realm of Cerebov.
 81729 | Pan      | Reached skill level 15 in Short Blades
 81849 | Pan      | Identified the +0 ring mail of the Vestibule of Hell {Harm
                  | *Corrode rElec MP+9}
 81851 | Pan      | Identified the +11 falchion of Edah {drain, Stlth+}
 81911 | Pan      | Identified the +9 plate armour "Irris" {Drain Int+2 Slay+5}
 82003 | Pan      | Identified the +8 arbalest of the Magic Mushroom {freeze,
                  | rPois rF+ rN+ Dex+3}
 82008 | Pan      | Identified the +3 dagger of Cowardice {flame, rPois rC+
                  | Will+}
 82013 | Pan      | Identified the +4 scale mail of the Devil {rElec Int+5}
 82110 | Pan      | Got a fiery rune of Zot
 82162 | Pan      | Found the +6 sword of Cerebov {flame}
 82162 | Pan      | Noticed Cerebov
 82190 | Pan      | Killed Cerebov
 82278 | Pan      | Entered the realm of Gloorx Vloq.
 82468 | Pan      | Received a gift from Trog
 82627 | Pan      | Got a dark rune of Zot
 82632 | Pan      | Noticed Gloorx Vloq
 82669 | Pan      | Killed Gloorx Vloq
 82775 | Pan      | Found an exit through the horrors of the Abyss.
 82787 | Pan      | Took an exit into the Abyss.
 82787 | Abyss:4  | Escaped into the Abyss
 82787 | Abyss:4  | Identified the "Udyuriur"
 82811 | Abyss:4  | Found the +8 pair of quick blades "Gyre" and "Gimble"
                  | {protect}
 82820 | Depths:3 | Escaped the Abyss
 83526 | Coc:1    | Entered Level 1 of Cocytus
 83680 | Coc:1    | Reached skill level 27 in Dodging
 83849 | Coc:2    | Paralysed by a wendigo for 1 turns
 84267 | Coc:3    | Received a gift from Trog
 84880 | Coc:5    | Noticed a shard shrike
 84880 | Coc:5    | Noticed a shard shrike
 84880 | Coc:5    | Noticed a shard shrike
 84880 | Coc:5    | Noticed a shard shrike
 84886 | Coc:5    | Killed a shard shrike
 84893 | Coc:5    | Killed a shard shrike
 84941 | Coc:5    | Killed a shard shrike
 85263 | Coc:5    | Killed a shard shrike
 85515 | Coc:6    | Noticed a shard shrike
 85515 | Coc:6    | Noticed a shard shrike
 85515 | Coc:6    | Noticed a shard shrike
 85515 | Coc:6    | Noticed a shard shrike
 85519 | Coc:7    | Entered Level 7 of Cocytus
 85523 | Coc:7    | Noticed a shard shrike
 85524 | Coc:7    | Killed a shard shrike
 85525 | Coc:7    | Noticed a shard shrike
 85528 | Coc:7    | Noticed a shard shrike
 85541 | Coc:7    | Noticed a shard shrike
 85541 | Coc:7    | Noticed a shard shrike
 85542 | Coc:7    | Noticed a shard shrike
 85552 | Coc:7    | Noticed a shard shrike
 85557 | Coc:7    | Noticed a shard shrike
 85559 | Coc:7    | Noticed a shard shrike
 85560 | Coc:7    | Noticed a shard shrike
 85581 | Coc:7    | Killed a shard shrike
 85581 | Coc:7    | Received a gift from Trog
 85596 | Coc:7    | Paralysed by a wendigo for 1 turns
 85752 | Coc:7    | Killed a shard shrike
 85876 | Coc:7    | Noticed a shard shrike
 85891 | Coc:7    | Killed a shard shrike
 85910 | Coc:7    | Noticed a shard shrike
 85912 | Coc:7    | Killed a shard shrike
 85921 | Coc:7    | Killed a shard shrike
 85927 | Coc:7    | Killed a shard shrike
 85949 | Coc:7    | Killed a shard shrike
 86179 | Coc:7    | Killed a shard shrike
 86215 | Coc:7    | Killed a shard shrike
 86215 | Coc:7    | Received a gift from Trog
 86350 | Coc:7    | Paralysed by a wendigo for 1 turns
 86550 | Coc:7    | Killed a shard shrike
 86800 | Coc:7    | Noticed a shard shrike
 86808 | Coc:7    | Killed a shard shrike
 86854 | Coc:7    | Killed a shard shrike
 87488 | Coc:7    | Killed a shard shrike
 87564 | Coc:7    | Noticed a dread lich
 87579 | Coc:7    | Killed a dread lich
 87638 | Coc:7    | Noticed Antaeus
 87743 | Coc:7    | Received a gift from Trog
 87750 | Coc:7    | Acquired a ring of flight
 87861 | Coc:7    | Killed Antaeus
 87886 | Coc:7    | Got an icy rune of Zot
 87924 | Coc:7    | Killed a shard shrike
 88001 | Tar:1    | Entered Level 1 of Tartarus
 88750 | Tar:3    | Received a gift from Trog
 89214 | Tar:4    | You fall into a shaft and drop 1 floor!
 90176 | Tar:7    | Entered Level 7 of Tartarus
 90535 | Tar:7    | Received a gift from Trog
 90738 | Tar:7    | Identified the +3 leather armour "Rimur" {Slay+3 Stlth+}
 90745 | Tar:7    | Identified the +8 trident of Grontol {vamp, rPois rF++ rC+
                  | Stlth+}
 90746 | Tar:7    | Identified the +0 leather armour of the Eight Boll Weevils
                  | {rF+ Slay+2}
 90945 | Tar:7    | Identified the +8 whip "Keskal" {vamp, rF- rCorr Str+3
                  | Int+4}
 90990 | Tar:7    | Identified the +6 war axe of Zocup {flame, Int+3}
 90995 | Tar:7    | Identified the ring "Vaal" {Ice rCorr}
 91096 | Tar:7    | Noticed the Serpent of Hell
 91109 | Tar:7    | Killed the Serpent of Hell
 91215 | Tar:7    | Identified the +1 leather armour of Weightlessness {Int+3}
 91240 | Tar:7    | Identified the +9 falchion "Orb Guardian's Curse" {drain,
                  | Fragile Int+2 Stlth+}
 91371 | Tar:7    | Noticed an ancient lich
 91374 | Tar:7    | Noticed a dread lich
 91376 | Tar:7    | Killed an ancient lich
 91383 | Tar:7    | Noticed an ancient lich
 91388 | Tar:7    | Killed a dread lich
 91402 | Tar:7    | Killed an ancient lich
 91402 | Tar:7    | Received a gift from Trog
 91413 | Tar:7    | Identified the +9 long sword of Sewage {heavy, rF+}
 91437 | Tar:7    | Reached skill level 27 in Fighting
 91533 | Tar:7    | Reached skill level 27 in Evocations
 91639 | Tar:7    | Noticed Ereshkigal
 91656 | Tar:7    | Killed Ereshkigal
 91676 | Tar:7    | Got a bone rune of Zot
 91837 | Dis:1    | Entered Level 1 of the Iron City of Dis
 92554 | Dis:4    | Noticed an ancient lich
 92566 | Dis:4    | Killed an ancient lich
 92970 | Dis:5    | Received a gift from Trog
 93257 | Dis:7    | Entered Level 7 of the Iron City of Dis
 93648 | Dis:7    | Noticed a juggernaut
 93670 | Dis:7    | Killed a juggernaut
 93874 | Dis:7    | Noticed a juggernaut
 93895 | Dis:7    | Killed a juggernaut
 94300 | Dis:7    | Identified the +8 short sword of Purpose {holy, rF+ rC+
                  | Str+2}
 94595 | Dis:7    | Received a gift from Trog
 94701 | Dis:7    | Noticed a juggernaut
 94732 | Dis:7    | Killed a juggernaut
 95314 | Dis:7    | Noticed Dispater
 95340 | Dis:7    | Killed Dispater
 95348 | Dis:7    | Identified the +7 long sword of Okawaru's Castigation
                  | {flame, rC++ Str+3 Stlth+}
 95356 | Dis:7    | Got an iron rune of Zot
 95554 | Geh:1    | Entered Level 1 of Gehenna
 96417 | Geh:4    | Received a gift from Trog
 96974 | Geh:5    | You fall into a shaft and drop 1 floor!
 97250 | Geh:7    | Entered Level 7 of Gehenna
 97483 | Geh:7    | Received a gift from Trog
 97733 | Geh:7    | Found the +13 sceptre of Asmodeus
 97733 | Geh:7    | Noticed Asmodeus
 97754 | Geh:7    | Killed Asmodeus
 97912 | Geh:7    | Got an obsidian rune of Zot
 98311 | Geh:7    | Identified the +5 short sword "Fein" {heavy, *Noise rElec
                  | rC+}
 98371 | Geh:7    | Received a gift from Trog
 99078 | Tomb:1   | Entered Level 1 of the Tomb of the Ancients
 99397 | Tomb:1   | Noticed a royal mummy
 99405 | Tomb:1   | Killed a royal mummy
 99809 | Tomb:1   | Noticed a royal mummy
 99821 | Tomb:1   | Killed a royal mummy
100311 | Tomb:2   | Noticed a royal mummy
100317 | Tomb:2   | Received a gift from Trog
100332 | Tomb:2   | Noticed a royal mummy
100659 | Tomb:3   | Entered Level 3 of the Tomb of the Ancients
100711 | Tomb:3   | Noticed a royal mummy
100740 | Tomb:3   | Noticed a royal mummy
100760 | Tomb:3   | Killed a royal mummy
100777 | Tomb:3   | Noticed a royal mummy
100781 | Tomb:3   | Received a gift from Trog
100804 | Tomb:3   | Killed a royal mummy
100821 | Tomb:3   | Killed a royal mummy
100849 | Tomb:3   | Noticed a royal mummy
100906 | Tomb:3   | Killed a royal mummy
101059 | Tomb:3   | Noticed a royal mummy
101062 | Tomb:3   | Noticed a royal mummy
101073 | Tomb:3   | Killed a royal mummy
101088 | Tomb:3   | Noticed a royal mummy
101127 | Tomb:3   | Noticed a royal mummy
101139 | Tomb:3   | Killed a royal mummy
101208 | Tomb:3   | Killed a royal mummy
101226 | Tomb:3   | Noticed a royal mummy
101233 | Tomb:3   | Killed a royal mummy
101233 | Tomb:3   | Received a gift from Trog
101239 | Tomb:3   | Killed a royal mummy
101332 | Tomb:3   | Identified the +5 spear of the Hated {freeze, Dex+6}
101467 | Tomb:3   | Found the +6 lightning scales {swift, rElec}
101519 | Tomb:3   | Identified the +3 scale mail of the Eternal Void {+Blink
                  | rF+ Int+2 Stlth-}
101774 | Tomb:3   | Got a golden rune of Zot
102453 | Zot:5    | Entered Level 5 of the Realm of Zot
102521 | Zot:5    | Noticed an orb of fire
102532 | Zot:5    | Killed an orb of fire
102592 | Zot:5    | Noticed an orb of fire
102604 | Zot:5    | Killed an orb of fire
102938 | Zot:5    | Noticed a Killer Klown
102941 | Zot:5    | Noticed a Killer Klown
102943 | Zot:5    | Noticed a dread lich
102943 | Zot:5    | Noticed a dread lich
102943 | Zot:5    | Noticed a Killer Klown
102947 | Zot:5    | Noticed an orb of fire
102958 | Zot:5    | Noticed an orb of fire
102970 | Zot:5    | Killed an orb of fire
102981 | Zot:5    | Killed a Killer Klown
102986 | Zot:5    | Killed a Killer Klown
102988 | Zot:5    | Killed a Killer Klown
102998 | Zot:5    | Killed a dread lich
103047 | Zot:5    | Received a gift from Trog
103276 | Zot:5    | Noticed an orb of fire
103281 | Zot:5    | Noticed a Killer Klown
103291 | Zot:5    | Killed an orb of fire
103300 | Zot:5    | Killed a Killer Klown
103316 | Zot:5    | Noticed a Killer Klown
103327 | Zot:5    | Killed an orb of fire
103338 | Zot:5    | Killed a Killer Klown
103346 | Zot:5    | Killed a dread lich
103348 | Zot:5    | Noticed an orb of fire
103361 | Zot:5    | Killed an orb of fire
103361 | Zot:5    | Noticed an ancient lich
103368 | Zot:5    | Killed an ancient lich
103416 | Zot:5    | Got the Orb of Zot
103719 | D:15     | Noticed Yffia the pandemonium lord
103730 | D:14     | Killed Yffia the pandemonium lord
103740 | D:14     | Noticed Iqurov the pandemonium lord
103762 | D:14     | Killed Iqurov the pandemonium lord
104041 | D:$      | Escaped with the Orb!

Illustrated notes

Levels and vault maps discovered:
D:1:      dreamdust_arrival_sigmund_warning, layout_basic,
          chequers_serial_rivers_small_a
D:2:      layout_loops_ring, basic_altar
D:3:      layout_loops_ring, mainiacjoe_overflow_catch_the_wave,
          serial_aquarium, aquarium_bridge_long_separate
          [aquarium_subvault_bridge, aquarium_subvault_bridge,
          aquarium_subvault_bridge, aquarium_subvault_window,
          aquarium_subvault_bridge, aquarium_subvault_bridge],
          aquarium_window_fake, aquarium_window_corridor_2, aquarium_window_2,
          aquarium_view_2d, aquarium_view_2g, aquarium_balcony_double_4,
          grunt_ministairs_6, hangedman_abyss_or_decor_lesser_grid,
          hangedman_decor_slide_cut, pf_guarded_unrand_meek, uniq_natasha
D:4:      layout_basic, nicolae_hepliaklqana_hazy_memory,
          cheibrodos_ashenzari_chains, minmay_temple_entry_junction,
          serial_shops, nicolae_take_the_stairs
D:5:      layout_cave_pools, nemelex_diamond_rough_becter,
          makhleb_altar_promises_db, general_overflow_altar,
          gammafunk_ghost_gnarly_gnolls
D:6:      layout_gridville, uniq_prince_ribbit1
D:7:      layout_cave_pools, nicolae_sif_muna_little_library,
          nicolae_tso_swordbearing_angel, mainiacjoe_overflow_alcove_4,
          serial_column_ruins, column_ruins_hut, column_ruins_square_medium,
          column_ruins_corridor_corner, column_ruins_grid_1,
          column_ruins_columns_straight, column_ruins_grid_1,
          column_ruins_grid_3, column_ruins_open_small, column_ruins_open_small,
          serial_shops, shop, hangedman_feature_mirror, st_stairs_7,
          uniq_jeremiah, uniq_duvessa, uniq_pikel
D:8:      layout_layer_cave, grunt_dithmenos_smoke, erik_lair_orcish_takeover,
          minmay_misc_feat_encased
D:9:      layout_rooms, mainiacjoe_overflow_surrounded_room, lemuel_round_altar,
          chequers_avenue
D:10:     layout_cave_pools, marbit_many_paths, serial_shops, shop,
          nicolae_trove_entry_crossroad, minivault_20, uniq_fannar, uniq_grum
D:11:     layout_basic, trog_three_pillars_becter
D:12:     dreamdust_wu_jian_sword_trials, layout_basic, gauntlet_entry_generic
D:13:     layout_loops_ring, serial_shops, bzr_entry_safe,
          minmay_misc_feat_tower, chequers_serial_rivers_micro_d,
          serial_park_tiny_1, uniq_jorgrun
D:14:     minmay_the_grid_octo_tiled_octocenter_mashed
          [minmay_the_grid_octo_pinwheel, minmay_the_grid_octo_horde,
          minmay_the_grid_octo_fat_diamond, minmay_the_grid_octo_chip,
          minmay_the_grid_octo_prize_single_spiral,
          minmay_the_grid_square_5x5_z, minmay_the_grid_square_5x5_eight,
          minmay_the_grid_square_5x5_one_wall,
          minmay_the_grid_square_5x5_empty], layout_cross, serial_glass,
          glass_columns_c, glass_columns_b
D:15:     hangedman_depths_entry_civil_slaughter, layout_basic
Lair:1:   minmay_lair_venomous_thicket, layout_gridlike, grunt_megastairs_5,
          lemuel_fruit_fields, uniq_amaemon
Lair:2:   layout_hall_layers, minmay_snake_entry_six_corridors,
          lightli_volcano_entry_magma_tube, lemuel_fruit_tree
Lair:3:   layout_regular_city, swamp_mist_pool, st_stairs_10,
          nicolae_lair_run_with_the_wolves, uniq_gastronok
Lair:4:   layout_cave_pods
Lair:5:   hangedman_lair_in_review, layout_hall_layers,
          guppyfry_lair_end_dragon, slime_entry_1, infiniplex_staircase_pool
Swamp:1:  layout_basic_swamp, evilmike_swamp_ruin_rubble_2, swamp_pool1
Swamp:2:  layout_falls_marsh, serial_swamp_ruin, evilmike_swamp_ruin_house_2,
          evilmike_swamp_ruin_house_1
Swamp:3:  layout_basic_swamp, nicolae_swamp_fairy_circle
Swamp:4:  swamp_basic_johnstein, layout_basic_swamp
Snake:1:  layout_onion_interference, nicolae_snake_horde_hoard
Snake:2:  layout_misc_corridors, grunt_ministairs_9, minmay_shop_star,
          serial_bayou_shore_a, grunt_megastairs_3, uniq_aizul, uniq_kirke,
          uniq_azrael
Snake:3:  layout_chambers, serial_bayou_ford_a, nicolae_snake_linked_coils
Snake:4:  snake_pit, layout_cave_town, gammafunk_ghost_cemetery
Slime:1:  layout_caves, basic_altar
Slime:2:  layout_caves
Slime:3:  layout_caves
Slime:4:  layout_caves
Slime:5:  slime_pit_nicolae_inversion
Orc:1:    layout_caves, lightli_orcish_oven
Orc:2:    st_orc_elflike, layout_diamond_mine
Elf:1:    layout_gridlike, hangedman_elven_crosses_minicolossus,
          minmay_shop_grove
Elf:2:    elven_hall_of_blades_hangedman_alternative
          [nicolae_blade_entry_splitting_headache], layout_geoelf_diagonals,
          dk_noncrumbling_2, nicolae_elf_theology_debate
Elf:3:    minmay_elf_hall_four_x, layout_rooms, serial_shops,
          nicolae_square_shop
Vaults:1: v_misc_12, ontoclasm_vaults_eye, hangedman_vaults_restitches,
          hangedman_vaults_locks, gammafunk_sealed_arena,
          vaults_mumra_minichess_inversion, nicolae_vaults_cornered_office,
          nicolae_vaults_little_ls, nicolae_vaults_little_squares_5,
          vaults_room_pool, nicolae_vaults_tetromino_T_2,
          ontoclasm_vaults_decontamination, ontoclasm_vaults_twist,
          layout_vaults_big_cross, uniq_saint_roka
Vaults:2: minmay_crypt_entry_simple_round, nicolae_vaults_offset_grid_hallway_4,
          hangedman_vaults_river_flow, nicolae_vaults_little_squares_2,
          nicolae_vaults_shrinking_rooms_2, nicolae_vaults_diamond_1,
          nicolae_vaults_sightless_eye, v_misc_5, hangedman_vaults_maws,
          nicolae_vaults_closet_pinwheel_4, vaults_room_pools,
          nicolae_vaults_tetromino_T_2, layout_vaults_maze_snakey, uniq_norris
Vaults:3: nicolae_vaults_more_shelving_2, nicolae_vaults_triangles,
          vaults_mumra_hex, grunt_vaults_funnel, vaults_mumra_minichess,
          nicolae_vaults_angled_halls, v_misc_3,
          nicolae_vaults_trapezoid_lopsided_3, ontoclasm_vaults_shuriken,
          layout_vaults_big_room
Vaults:4: vaults_dpeg_hooks, nicolae_vaults_puzzle_piece, v_misc_16, v_misc_18,
          st_squares, nicolae_vaults_apartment_2,
          nicolae_vaults_little_squares_1, grunt_vaults_hallway_long,
          vaults_room_corners, vaults_room_stairs_pillars,
          nicolae_vaults_asterisk, nicolae_vaults_double_plus_1,
          ontoclasm_vaults_misaligned, nicolae_vaults_twisting_passages,
          nicolae_vaults_layer_cake_slice, layout_vaults_omnibox, serial_shops,
          nicolae_shop_hallway_plus
Vaults:5: uniq_bai_suzhen
Crypt:1:  layout_basic, grunt_ministairs_14, st_stairs_11,
          serial_sigils_hangedman_gnaw, minmay_misc_feat_alley,
          hellmonk_scarab_ruin, grunt_crypt_arrival_split, uniq_zenata,
          uniq_donald
Crypt:2:  layout_gridlike
Crypt:3:  quadcrypt_mu
Tomb:1
Tomb:2
Tomb:3
Depths:1: layout_basic, enter_ziggurat_b, serial_glass, glass_columns_a,
          glass_columns_a, hex_intersection, abyss_entry_flame_altar,
          nicolae_hell_entry_hellmouth_sunbeams, minmay_pinched_square
Depths:2: minmay_tearing_corner, layout_basic, hell_entry, kennysheep_path_1,
          pan_entry, fedhas_altar_3, infiniplex_staircase_star
Depths:3: kennysheep_six_static_rooms, layout_basic, nicolae_the_louvre,
          hell_entry, muffindrake_ghost_dead_mans_drink, serial_shops,
          nicolae_shop_bloodbath_and_beyond, grunt_pan_entry_spiral,
          abyss_entry, nicolae_shop_clearance
Depths:4: grunt_zot_entry_funnels, layout_gridville, hangedman_decor_riveting,
          pf_coc_iceberg, uniq_margery
Hell
Dis:1:    layout_subdivisions, nicolae_hells_hurtin_island
Dis:2:    layout_jigsaw, nicolae_dis_big_boring_drill
Dis:3:    layout_gridville
Dis:4:    layout_subdivisions, nicolae_dis_bowling_alley
Dis:5:    layout_subdivisions
Dis:6:    layout_gridville
Dis:7:    dis_grunt_layers
Geh:1:    layout_gehenna_lava_caves
Geh:2:    layout_gehenna_lava_caves
Geh:3:    layout_gehenna_pools_triple
Geh:4:    layout_gehenna_pools_box, minmay_fire_ice_demons
Geh:5:    layout_gehenna_pools_basic
Geh:6:    layout_gehenna_lava_caves, nicolae_hells_seeping_fissure
Geh:7:    evilmike_geh
Coc:1:    layout_ice_bergs
Coc:2:    layout_cocytus_water_paths
Coc:3:    layout_ice_bergs
Coc:4:    layout_ice_bergs, nicolae_coc_wendigon
Coc:5:    layout_ice_bergs
Coc:6:    layout_cocytus_water_paths
Coc:7:    coc_grunt_cove [coc_grunt_cove_antaeus, coc_grunt_cove_fiend,
          coc_grunt_cove_fiend, coc_grunt_cove_fiend, coc_grunt_cove_fiend]
Tar:1:    layout_cathedral_of_symmetry
Tar:2:    layout_grid_maze
Tar:3:    layout_catacombs, nicolae_tar_cuneiform_three,
          nicolae_tar_cuneiform_sun
Tar:4:    layout_catacombs
Tar:5:    layout_catacombs, lemuel_nasty_fountain
Tar:6:    layout_cathedral_of_symmetry, nicolae_tar_grid_combs
Tar:7:    tar_old
Zot:1:    layout_onion_interference, regret_index_zotdec_dark_gr
Zot:2:    layout_basic
Zot:3:    layout_gridville, gammafunk_ghost_abyssal_escape
Zot:4:    kennysheep_spiral_hall, layout_onion, regret_index_zot_stipple_split,
          uniq_josephina
Zot:5:    layout_misc_corridors

Skill      XL: |  1  2  3  4  5  6  7  8  9 10 11 12 13 14 15 16 17 18 19 20 21 22 23 24 25 26 27 |
---------------+----------------------------------------------------------------------------------+-----
Stealth        | 1 2 3 5 6 7 9 11 12 14 15 17 19 20 22 27 | 27.0
Short Blades   | 5 7 8 9 13 26 | 26.6
Fighting       | 4 7 10 12 15 16 17 18 19 27 | 27.0
Dodging        | 4 7 11 12 14 15 16 18 19 27 | 27.0
Evocations     | 6 7 11 12 15 16 27 | 27.0
Staves         | 4 |  4.1
Long Blades    | 5 |  5.3
Shields        | 5 7 12 15 20 | 20.4
Armour         | 9 12 20 | 20.5
Shapeshifting  | 11 16 19 26 | 26.4

Action                     |  1- 3 |  4- 6 |  7- 9 | 10-12 | 13-15 | 16-18 | 19-21 | 22-24 | 25-27 || total
---------------------------+-------+-------+-------+-------+-------+-------+-------+-------+-------++-------
  Melee: Short sword       |   119 |    83 |    79 |    42 |    95 |       |       |       |       ||   418
         Quarterstaff      |       |    21 |   104 |   536 |   927 |       |       |       |       ||  1588
         Punch             |       |     1 |       |       |       |       |       |       |       ||     1
         Scimitar          |       |       |       |       |   394 |       |       |       |       ||   394
         Rapier            |       |       |       |       |    15 |  1099 |  1073 |  1378 |  8689 || 12254
         Quick blade       |       |       |       |       |       |       |       |       |  1592 ||  1592
  Throw: Dart              |       |       |       |    10 |     2 |       |       |       |     1 ||    13
         Throwing net      |       |       |       |       |     1 |     3 |       |       |       ||     4
 Invoke: Berserk           |       |     4 |     4 |     8 |     4 |       |       |       |       ||    20
         Trog's Hand       |       |       |       |     1 |     4 |     4 |       |       |     4 ||    13
Ability: Begin Untransform |       |       |       |       |       |       |       |       |     7 ||     7
  Evoke: Wand              |       |       |       |     5 |    19 |     1 |       |     8 |    75 ||   108
         Phantom mirror    |       |       |       |       |       |       |     1 |       |     3 ||     4
         Sack of spiders   |       |       |       |       |       |       |       |       |    10 ||    10
         Lightning rod     |       |       |       |       |       |       |       |       |     4 ||     4
         Phial of floods   |       |       |       |       |       |       |       |       |     3 ||     3
         Horn of Geryon    |       |       |       |       |       |       |       |       |     2 ||     2
    Use: Scroll            |       |     3 |     6 |    15 |     9 |     2 |    10 |     3 |    41 ||    89
         Potion            |       |       |       |     1 |     2 |       |       |     4 |    17 ||    24
   Stab: Sleeping          |    11 |    17 |    22 |    30 |    75 |    81 |    84 |    60 |   262 ||   642
         Distracted        |       |       |     2 |     3 |    10 |    30 |    51 |    67 |   605 ||   768
         Paralysed         |       |       |       |     4 |     5 |     1 |       |       |    11 ||    21
         Held in net/web   |       |       |       |       |     2 |       |       |       |    10 ||    12
         Petrified         |       |       |       |       |       |     1 |       |       |       ||     1
         Confused          |       |       |       |       |       |       |       |       |     1 ||     1
 Armour: Animal skin       |    40 |    15 |       |       |       |       |       |       |       ||    55
         Leather armour    |       |    25 |     8 |       |   105 |       |       |       |       ||   138
         Robe              |       |       |    60 |   130 |    71 |   123 |   119 |     3 |       ||   506
         Troll leather arm |       |       |       |   197 |   308 |       |       |       |       ||   505
         Swamp dragon scal |       |       |       |       |       |       |       |    40 |       ||    40
         Chain mail        |       |       |       |       |       |       |       |    81 |   330 ||   411
         Storm dragon scal |       |       |       |       |       |       |       |       |  1023 ||  1023
  Dodge: Dodged            |    68 |    49 |   164 |   675 |  2045 |   748 |   539 |   425 |  5320 || 10033
  Block: Buckler           |       |       |       |       |   209 |   307 |   102 |       |       ||   618
         Kite shield       |       |       |       |       |       |       |   244 |   542 |  7118 ||  7904
   Form: Death             |       |       |       |       |       |       |       |       |     9 ||     9
                           |       |       |       |       |       |       |       |       |     1 ||     1

Table legend: (Time is in decaauts)
 A = Elapsed time spent in this place.
 B = Non-inter-level travel time spent in this place.
 C = Inter-level travel time spent in this place.
 D = Time resting spent in this place.
 E = Time spent auto-exploring this place.
 F = Levels seen in this place.
 G = Mean time per level.
                   A        B        C        D        E       F      G
               +--------+--------+--------+--------+--------+-----+--------+
         Total |  99887 |  89616 |  10271 |   9802 |  47966 | 114 |  876.2 |
       Dungeon |  17562 |  14620 |   2942 |   1425 |   9733 |  15 | 1170.8 |
          Lair |   8656 |   7451 |   1205 |    599 |   4247 |   5 | 1731.2 |
         Swamp |   2912 |   2647 |    265 |    120 |   1713 |   4 |  728.0 |
     Snake Pit |   5847 |   5515 |    332 |    352 |   3718 |   4 | 1461.8 |
    Slime Pits |   3474 |   3104 |    370 |     62 |   2362 |   5 |  694.8 |
  Orcish Mines |   2164 |   1628 |    536 |     31 |   1049 |   2 | 1082.0 |
   Elven Halls |   6233 |   6023 |    210 |   2595 |   1958 |   3 | 2077.7 |
        Vaults |   9498 |   8341 |   1157 |   1988 |   4102 |   5 | 1899.6 |
         Crypt |   4398 |   3752 |    646 |    107 |   2705 |   3 | 1466.0 |
          Tomb |   2790 |   2541 |    249 |    272 |   1012 |   3 |  930.0 |
        Depths |   6887 |   5691 |   1196 |    621 |   3557 |   4 | 1721.8 |
          Hell |   1122 |    948 |    174 |      0 |    508 |   1 | 1122.0 |
           Dis |   3120 |   2886 |    234 |    123 |    888 |   7 |  445.7 |
       Gehenna |   2919 |   2762 |    157 |     72 |   1741 |   7 |  417.0 |
       Cocytus |   4275 |   4186 |     89 |    337 |   2126 |   7 |  610.7 |
      Tartarus |   3332 |   3168 |    164 |     80 |   1384 |   7 |  476.0 |
           Zot |   5433 |   5092 |    341 |    316 |   3154 |   5 | 1086.6 |
         Abyss |   1739 |   1739 |      0 |    109 |      0 |   5 |  347.8 |
   Pandemonium |   6094 |   6094 |      0 |    513 |   1393 |  18 |  338.6 |
        Bazaar |    135 |    135 |      0 |      0 |     67 |   1 |  135.0 |
         Trove |    118 |    118 |      0 |      0 |     51 |   1 |  118.0 |
       Volcano |    412 |    412 |      0 |     65 |    133 |   1 |  412.0 |
      Gauntlet |    756 |    756 |      0 |     11 |    361 |   1 |  756.0 |
               +--------+--------+--------+--------+--------+-----+--------+

Top non-repeatable levels by time:
   Elf:3: 2914 daAuts
   Coc:7: 2298 daAuts
 Crypt:3: 2253 daAuts
Depths:1: 2167 daAuts
Vaults:1: 2166 daAuts
Vaults:4: 2155 daAuts
  Lair:5: 2145 daAuts
Vaults:3: 2044 daAuts
   Dis:7: 1928 daAuts
   Elf:2: 1918 daAuts
  Lair:4: 1734 daAuts
Depths:3: 1713 daAuts
     D:8: 1641 daAuts
  Lair:1: 1638 daAuts
Vaults:5: 1627 daAuts
